 Dungeon Crawl Stone Soup version 0.31.0-12-g77e489cdc1 (webtiles) character file.

Game seed: 7841114567284180741

4502 Cheops the Mimic (level 10, -8/77 (83) HPs)
             Began as a Troll Shapeshifter on Feb 19, 2024.
             Was a Believer of Wu Jian.
             Mangled by a wight
             ... wielding a +3 great sword
              (16 damage)
             ... on level 8 of the Dungeon.
             The game lasted 00:39:59 (8082 turns).

Cheops the Mimic (Troll Shapeshifter)               Turns: 8082, Time: 00:40:00

HP:   -8/77 (83)    AC:  4    Str: 24    XL:     10   Next: 16%
MP:   9/9           EV: 10    Int: 12    God:    Wu Jian [**....]
Gold: 366           SH:  0    Dex: 13    Spells: 9/9 levels left

rFire   . .          .
                       - Unarmed
rCold   . . .        (no shield)
rNeg    . . .        a - +0 animal skin
rPois   .            (helmet restricted)
rElec   .            (no cloak)
rCorr   .            (gloves unavailable)
SInv    .            (boots unavailable)
Will    .....        (no amulet)
Stlth   +            n - +6 ring of intelligence
HPRegen 1.12/turn    (no ring)
MPRegen 0.11/turn

%: no passive effects
@: drained
A: large, unfitting armour, claws 3, regeneration 1, shaggy fur 1, tough skin 1
a: Renounce Religion, Wall Jump


You were on level 8 of the Dungeon.
You worshipped Wu Jian.
Wu Jian was pleased with you.
You visited 2 branches of the dungeon, and saw 9 of its levels.
You also visited: Ossuary.

You collected 366 gold pieces.

Inventory:

Armour
 a - a +0 animal skin (worn)
Jewellery
 g - a ring of ice
 h - a ring of magical power
 n - a +6 ring of intelligence (left claw)
 w - a ring of wizardry
 E - a ring of wizardry
Talismans
 c - a beast talisman
 d - a flux talisman
 e - a blade talisman
Wands
 r - a wand of flame (13)
Scrolls
 f - 2 scrolls of vulnerability {unknown}
 i - 2 scrolls of enchant armour {unknown}
 j - 3 scrolls of teleportation
 k - 2 scrolls of summoning {unknown}
 l - 2 scrolls of fear {unknown}
 o - 3 scrolls of poison {unknown}
 p - 2 scrolls of revelation
 q - a scroll of brand weapon {unknown}
 s - a scroll of enchant weapon {unknown}
 t - 2 scrolls of blinking
 u - a scroll of amnesia
 y - 2 scrolls of noise
 B - a scroll of torment
 D - a scroll of immolation
Potions
 b - 2 potions of attraction {unknown}
 m - 2 potions of brilliance
 v - a potion of cancellation
 x - a potion of ambrosia {unknown}
 z - a potion of mutation {unknown}
 A - a potion of berserk rage {unknown}
 C - 3 potions of might {unknown}
 F - 2 potions of haste {unknown}


   Skills:
 - Level 0.7 Fighting
 - Level 1.5 Dodging
 + Level 10.1 Unarmed Combat
 - Level 11.0 Shapeshifting


You had 9 spell levels left.
You didn't know any spells.
Your spell library was empty.

Dungeon Overview and Level Annotations

Branches:
Dungeon (8/15)             Temple (1/1) D:6         Ossuary (visited)
   Lair: D:8-11

Altars:
Cheibriados
Dithmenos
Elyvilon
Fedhas
Gozag
Hepliaklqana
Kikubaaqudgha
Makhleb
Nemelex Xobeh
Okawaru
Qazlal
Ru
Trog
Uskayaw
Vehumet
Wu Jian
Xom
Yredelemnul
Zin
The Shining One

Annotations:
D:8 1 runed translucent door, hawla's ghost, novice MiFi


Innate Abilities, Weirdness & Mutations

You are too large for most types of armour.
You have claws for hands.
Your natural rate of healing is unusually fast.
You are covered in fur. (AC +1)
You have tough skin. (AC +1)


Message History

You are too injured to fight recklessly!
You are too injured to fight recklessly!
You are too injured to fight recklessly!
You are too injured to fight recklessly!
You are too injured to fight recklessly!
Unknown command.
You claw the wight!
The wight is severely damaged.
The ynoxinul hits the plant.
The wight hits you from afar with a +1 halberd of freezing.
The wight freezes you.
The wight hits you with a +3 great sword!
* * * LOW HITPOINT WARNING * * *
You feel drained.
* * * LOW HITPOINT WARNING * * *
Unknown command.
Unknown command.
Unknown command.
You completely miss the wight.
The wight is severely damaged.
A nearby plant withers and dies.
The wight hits you with a +0 flail!
* * * LOW HITPOINT WARNING * * *
The wight barely misses you.
The wight hits you from afar with a +1 halberd of freezing.
* * * LOW HITPOINT WARNING * * *
You feel drained.
* * * LOW HITPOINT WARNING * * *
The wight freezes you.
* * * LOW HITPOINT WARNING * * *
Unknown command.
Unknown command.
You closely miss the wight.
The wight is severely damaged.
The wight barely misses you.
The wight hits you from afar with a +1 halberd of freezing!
* * * LOW HITPOINT WARNING * * *
The wight freezes you.
* * * LOW HITPOINT WARNING * * *
The wight hits you with a +3 great sword!
You die...

.......##########........
.......#.∩.∩...∩#..........
.......#........#....###....
.......#(:../...+..... ....
.......#.....$..#..##. . )..
.......#.∩.∩.W.3#..###..
#.$#...##########.......
#..#............z.......
#...........[...@zz.....
#...#............z......
#.....##################
#...### #...# #####


You could see a ynoxinul, 4 wights and hawla's ghost.

Vanquished Creatures
  Pikel (D:4)
  Jeremiah (D:6)
  6 yaks
  Edmund (D:5)
  An acid dragon (D:8)
  Duvessa (D:5)
  3 orc warriors
  An ice beast (D:6)
  2 black bears
  A centaur (D:5)
  5 elf zombies (Ossuary)
  5 bullfrogs
  A scorpion (D:5)
  A gnoll sergeant (D:8)
  4 wights
  Dowan (D:5)
  A howler monkey (D:8)
  2 bombardier beetles
  3 centaur zombies (Ossuary)
  2 human zombies (Ossuary)
  2 orc priests
  4 hounds
  3 iguanas
  A spectral scorpion (Ossuary)
  2 orc wizards (D:8)
  3 mummies (Ossuary)
  9 gnolls
  3 adders
  A shadow imp (D:7)
  6 white imps
  2 ufetubi (D:7)
  A dart slug (D:1)
  A ribbon worm (D:3)
  18 orcs
  7 bats
  3 endoplasms (D:1)
  7 giant cockroaches
  6 goblins
  6 hobgoblins
  2 jackals (D:3)
  6 kobolds
  10 quokkas
  9 ball pythons
  3 frilled lizards
  4 rats
162 creatures vanquished.

Vanquished Creatures (others)
  A human (D:8)
1 creature vanquished.

Grand Total: 163 creatures vanquished

Notes
Turn   | Place    | Note
-------+----------+-------------------------------------------
     0 | D:1      | Cheops the Troll Shapeshifter began the quest for the Orb.
     0 | D:1      | Reached XP level 1. HP: 18/18 MP: 0/0
   117 | D:1      | Reached XP level 2. HP: 26/26 MP: 1/1
   322 | D:1      | Reached skill level 4 in Shapeshifting
   354 | D:1      | Reached XP level 3. HP: 32/32 MP: 2/2
  1496 | D:3      | Reached XP level 4. HP: 30/40 MP: 3/3
  2065 | D:3      | Reached skill level 5 in Shapeshifting
  2539 | D:4      | Noticed a lemure
  2539 | D:4      | Noticed a lemure
  2550 | D:4      | Noticed Pikel
  2551 | D:4      | Noticed a lemure
  2919 | D:4      | Killed Pikel
  2920 | D:4      | Reached XP level 5. HP: 46/46 MP: 4/4
  2920 | D:4      | Reached XP level 6. HP: 54/54 MP: 5/5
  2920 | D:4      | Reached XP level 7. HP: 61/61 MP: 6/6
  3269 | D:5      | Entered Level 5 of the Dungeon
  3357 | D:5      | Noticed Edmund
  3358 | D:5      | Noticed Duvessa
  3560 | D:5      | Noticed Dowan
  4132 | D:5      | Killed Edmund
  4351 | D:5      | Killed Dowan
  4365 | D:5      | Killed Duvessa
  4366 | D:5      | Reached XP level 8. HP: 52/68 MP: 7/7
  5017 | D:6      | Noticed Jeremiah
  5033 | D:6      | Killed Jeremiah
  5034 | D:6      | Reached skill level 6 in Shapeshifting
  5042 | D:6      | Found a sand-covered staircase.
  5054 | Ossuary  | Entered an ossuary
  5087 | Ossuary  | Reached skill level 7 in Shapeshifting
  5205 | Ossuary  | Reached skill level 8 in Shapeshifting
  5205 | Ossuary  | Reached XP level 9. HP: 74/75 MP: 8/8
  5288 | D:6      | Found a staircase to the Ecumenical Temple.
  5358 | Temple   | Entered the Ecumenical Temple
  5367 | Temple   | Became a worshipper of the Wu Jian Council
  6275 | D:7      | Reached skill level 9 in Shapeshifting
  6433 | D:7      | Reached * piety under Wu Jian
  6872 | D:8      | Found a radiant altar of Vehumet.
  6890 | D:8      | Reached skill level 10 in Shapeshifting
  6954 | D:8      | Reached skill level 11 in Shapeshifting
  7121 | D:7      | Reached XP level 10. HP: 20/83 MP: 9/9
  7124 | D:7      | HP: 3/83 [orc warrior/+0 battleaxe (14)]
  7857 | D:8      | Found a runed translucent door.
  7859 | D:8      | Noticed hawla's ghost (novice MiFi)
  7872 | D:8      | Reached ** piety under Wu Jian
  7976 | D:8      | Found an ancient bone altar of Kikubaaqudgha.
  8023 | D:8      | Reached skill level 10 in Unarmed Combat
  8082 | D:8      | Mangled by a wight

Illustrated notes

Levels and vault maps discovered:
D:1:      dpeg_arrival_pits, layout_basic, kennysheep_minor_cross
D:2:      layout_basic
D:3:      layout_loops_corners, nrook_campfire, nicolae_eternal_life
D:4:      layout_basic, hangedman_abyss_or_decor_stagger,
          minmay_strange_pillars, minmay_misc_feat_tower, uniq_pikel
D:5:      layout_gridville, uniq_duvessa, uniq_edmund
D:6:      layout_basic, minmay_temple_entry_drinking_statues,
          lightli_ossuary_entry_decrepit_ruins, minivault_11, uniq_jeremiah
D:7:      layout_loops_ring
D:8:      layout_rooms, nicolae_vehumet_altar_sigil, tgw_kikubaaqudgha,
          hellmonk_ghost_big_iron
Temple:   nicolae_temple_no_exploring_needed

Skill      XL: |  1  2  3  4  5  6  7  8  9 10 |
---------------+-------------------------------+-----
Shapeshifting  | 4 5 8 11 | 11.0
Unarmed Combat | 6 9 10 | 10.1
Fighting       | |  0.7
Dodging        | |  1.5

Action                     |  1- 3 |  4- 6 |  7- 9 | 10-12 || total
---------------------------+-------+-------+-------+-------++-------
  Melee: Unarmed           |   109 |    64 |   284 |    63 ||   520
         Punch             |       |     1 |    10 |     6 ||    17
Ability: Begin Untransform |     1 |       |       |       ||     1
         Lunge             |       |       |    12 |     3 ||    15
  Evoke: Wand              |       |       |     2 |     4 ||     6
    Use: Scroll            |     2 |       |     9 |     1 ||    12
         Potion            |       |     1 |     9 |     1 ||    11
   Stab: Sleeping          |     3 |       |     1 |       ||     4
 Armour: Animal skin       |    61 |    32 |   176 |    45 ||   314
         Skin              |       |     6 |    18 |     8 ||    32
  Dodge: Dodged            |    53 |    25 |   128 |    36 ||   242
   Form: Beast             |     1 |       |     3 |       ||     4
         Flux              |       |       |     2 |     1 ||     3
                           |       |       |     1 |     1 ||     2
